MLB
COLORADO ROCKIES @ PHILADELPHIA PHILLIES
06/21/2098
 
TOP OF THE 1ST
Colorado Rockies batting - Pitching for Philadelphia Phillies : LHP Jason Boles
Pitching: LHP Jason Boles
Batting: LHB Glenn Sewell 0-0: Ball
1-0: Swinging Strike
1-1: Ball
2-1: Ground out 6-3 (Groundball, 6, EV 80.0 MPH)
Batting: RHB Mike Woodard 0-0: Ball
1-0: Ball
2-0: Ball
3-0: Called Strike
3-1: Called Strike
3-2: Strikes out swinging
Batting: LHB Jim Davis 0-0: Called Strike
0-1: Swinging Strike
0-2: Ball
1-2: Ball
2-2: Foul Ball, location: 2F
2-2: Strikes out swinging
Top of the 1st over - 0 runs, 0 hits, 0 errors, 0 left on base; Colorado 0 - Philadelphia 0
BOTTOM OF THE 1ST
Philadelphia Phillies batting - Pitching for Colorado Rockies : LHP Allen Oliver
Pitching: LHP Allen Oliver
Batting: SHB Tim Spotton 0-0: Called Strike
0-1: Called Strike
0-2: SINGLE (Groundball, 6MD, EV 104.4 MPH)
Batting: SHB Pete Ray 0-0: SINGLE (Line Drive, 8LS, EV 93.8 MPH)
Tim Spotton to second
Batting: RHB Vicente Vargas 0-0: Called Strike
0-1: Ball
1-1: Ball
2-1: Ball
3-1: Fly out, F3 (Popup, 3SF, EV 70.0 MPH)
Batting: RHB Luis Esquivel 0-0: Called Strike
0-1: Foul Ball, location: 2LF
0-2: Ball
1-2: Ball
2-2: Fly out, F2 (Popup, 23F, EV 89.4 MPH)
Batting: RHB Jason Waid 0-0: Called Strike
0-1: Called Strike
0-2: Foul Ball, location: 9LSF
0-2: Strikes out swinging
Bottom of the 1st over - 0 runs, 2 hits, 0 errors, 2 left on base; Colorado 0 - Philadelphia 0
TOP OF THE 2ND
Colorado Rockies batting - Pitching for Philadelphia Phillies : LHP Jason Boles
Batting: RHB Kosuke Sakai 0-0: Swinging Strike
0-1: Foul Ball, location: 2F
0-2: Ball
1-2: SINGLE (Groundball, 4MD, EV 98.8 MPH)
Batting: LHB Jeremy Papish 0-0: Ball
1-0: Called Strike
1-1: Ball
2-1: Foul Ball, location: 2F
2-2: Fielders Choice at 2nd, 3-6 (Groundball, 34S, EV 79.4 MPH)
Pitching: RHP Erik Roth
Batting: LHB Carlos Parez 0-0: Called Strike
0-1: Called Strike
0-2: Ball
1-2: Ball
2-2: Fielders Choice at 2nd, 4-6 (Groundball, 34S, EV 80.6 MPH)
Batting: LHB Jesus Pena 0-0: Ball
1-0: Ball
2-0: Ground out 4-3 (Groundball, 4D, EV 106.3 MPH)
Top of the 2nd over - 0 runs, 1 hit, 0 errors, 1 left on base; Colorado 0 - Philadelphia 0
BOTTOM OF THE 2ND
Philadelphia Phillies batting - Pitching for Colorado Rockies : LHP Allen Oliver
Batting: RHB Ryan Klepper 0-0: Foul Ball, location: 2F
0-1: Ball
1-1: Ball
2-1: Foul Ball, location: 5FF
2-2: Strikes out looking
Batting: RHB Aaron Marler 0-0: Ball
1-0: Swinging Strike
1-1: Ball
2-1: Called Strike
2-2: Strikes out swinging
Batting: RHB Josh Hester 0-0: Ball
1-0: Foul Ball, location: 25FF
1-1: Foul Ball, location: 2F
1-2: Strikes out swinging
Bottom of the 2nd over - 0 runs, 0 hits, 0 errors, 0 left on base; Colorado 0 - Philadelphia 0
TOP OF THE 3RD
Colorado Rockies batting - Pitching for Philadelphia Phillies : RHP Erik Roth
Batting: RHB Brenden Oxton 0-0: Called Strike
0-1: Ball
1-1: Ball
2-1: Ball
3-1: Ground out 3-1 (Groundball, 34, EV 77.5 MPH)
Batting: RHB John Stevens 0-0: Ball
1-0: Called Strike
1-1: Called Strike
1-2: Strikes out swinging
Batting: LHB Glenn Sewell 0-0: Ball
1-0: Swinging Strike
1-1: Ball
2-1: Foul Ball, location: 2F
2-2: Ball
3-2: Foul Ball, location: 9LMFF
3-2: Fly out, F7 (Line Drive, 7D, EV 86.9 MPH)
Top of the 3rd over - 0 runs, 0 hits, 0 errors, 0 left on base; Colorado 0 - Philadelphia 0
BOTTOM OF THE 3RD
Philadelphia Phillies batting - Pitching for Colorado Rockies : LHP Allen Oliver
Batting: RHB Jason Garza 0-0: Foul Ball, location: 2F
0-1: Ball
1-1: Called Strike
1-2: SOLO HOME RUN (Flyball, 7LD, EV 96.3 MPH), Distance : 352 ft
Pitching: RHP Chris Colbert
Batting: SHB Tim Spotton 0-0: Called Strike
0-1: Called Strike
0-2: Ball
1-2: Fly out, F9 (Flyball, 9, EV 86.9 MPH)
Batting: SHB Pete Ray 0-0: Ball
1-0: Foul Ball, location: 2F
1-1: Ball
2-1: Foul Ball, location: 3F
2-2: Strikes out looking
Batting: RHB Vicente Vargas 0-0: Foul Ball, location: 2F
0-1: Ball
1-1: Ball
2-1: Ball
3-1: Fly out, F9 (Flyball, 89M, EV 93.1 MPH)
Bottom of the 3rd over - 1 run, 1 hit, 0 errors, 0 left on base; Colorado 0 - Philadelphia 1
TOP OF THE 4TH
Colorado Rockies batting - Pitching for Philadelphia Phillies : RHP Erik Roth
Batting: RHB Mike Woodard 0-0: Called Strike
0-1: Ball
1-1: Ground out 4-3 (Groundball, 4S, EV 65.6 MPH)
Batting: LHB Jim Davis 0-0: Swinging Strike
0-1: Ball
1-1: Ball
2-1: Called Strike
2-2: Foul Ball, location: 2F
2-2: Foul Ball, location: 7LDF
2-2: Foul Ball, location: 23F
2-2: Strikes out swinging
Batting: RHB Kosuke Sakai 0-0: Ball
1-0: Called Strike
1-1: Swinging Strike
1-2: Ground out 4-3 (Groundball, 4MD, EV 100.6 MPH)
Top of the 4th over - 0 runs, 0 hits, 0 errors, 0 left on base; Colorado 0 - Philadelphia 1
BOTTOM OF THE 4TH
Philadelphia Phillies batting - Pitching for Colorado Rockies : RHP Chris Colbert
Batting: RHB Luis Esquivel 0-0: Ball
1-0: Ball
2-0: Ball
3-0: Fly out, F7 (Flyball, 78D, EV 103.8 MPH)
Batting: RHB Jason Waid 0-0: Fly out, F6 (Line Drive, 6, EV 66.9 MPH)
Batting: RHB Ryan Klepper 0-0: Ball
1-0: Ball
2-0: Called Strike
2-1: Ball
3-1: Called Strike
3-2: Foul Ball, location: 7LDF
3-2: Foul Ball, location: 5SF
3-2: SINGLE (Groundball, 5S, EV 69.4 MPH) (infield hit)
Batting: RHB Aaron Marler 0-0: Ground out 4-3 (Groundball, 34, EV 80.0 MPH)
Bottom of the 4th over - 0 runs, 1 hit, 0 errors, 1 left on base; Colorado 0 - Philadelphia 1
TOP OF THE 5TH
Colorado Rockies batting - Pitching for Philadelphia Phillies : RHP Erik Roth
Batting: LHB Jeremy Papish 0-0: SINGLE (Line Drive, 8LS, EV 87.5 MPH)
Batting: LHB Carlos Parez 0-0: Fly out, F5 (Popup, 5F, EV 81.9 MPH)
Batting: LHB Jesus Pena 0-0: Called Strike
0-1: Ball
Jeremy Papish steals 2nd base
1-1: Foul Ball, location: 9LSF
1-2: Fly out, F8 (Flyball, 8RD, EV 80.0 MPH)
Runner from 2nd tags up, OUT at 3rd! 8-5
Top of the 5th over - 0 runs, 1 hit, 0 errors, 0 left on base; Colorado 0 - Philadelphia 1
BOTTOM OF THE 5TH
Philadelphia Phillies batting - Pitching for Colorado Rockies : RHP Chris Colbert
Batting: RHB Josh Hester 0-0: Swinging Strike
0-1: Ball
1-1: Ball
2-1: Ball
3-1: Swinging Strike
3-2: Foul Ball, location: 2F
3-2: Foul Ball, location: 2F
3-2: Foul Ball, location: 5SF
3-2: Ground out 6-3 (Groundball, 6, EV 83.8 MPH)
Batting: RHB Jason Garza 0-0: Ball
1-0: Fly out, F8 (Flyball, 8LXD, EV 97.5 MPH)
Batting: SHB Tim Spotton 0-0: Called Strike
0-1: SINGLE (Groundball, 6M, EV 82.5 MPH) (infield hit)
Pitching: RHP Matthew Hodge
Batting: SHB Pete Ray 0-0: Foul Ball, location: 2F
0-1: Ball
Tim Spotton steals 2nd base
1-1: Ball
2-1: Called Strike
2-2: Fly out, F7 (Flyball, 78M, EV 97.5 MPH)
Bottom of the 5th over - 0 runs, 1 hit, 0 errors, 1 left on base; Colorado 0 - Philadelphia 1
TOP OF THE 6TH
Colorado Rockies batting - Pitching for Philadelphia Phillies : RHP Erik Roth
Batting: RHB Brenden Oxton 0-0: Foul Ball, location: 23F
0-1: Called Strike
0-2: Strikes out swinging
Pinch Hitting: SHB Justin Williams 0-0: SINGLE (Groundball, 4MD, EV 102.5 MPH)
Batting: LHB Glenn Sewell 0-0: Swinging Strike
0-1: Called Strike
0-2: Foul Ball, location: 2F
0-2: Strikes out looking
Batting: RHB Mike Woodard 0-0: Foul Ball, location: 9LMF
0-1: Ball
1-1: Ball
2-1: Foul Ball, location: 2F
2-2: Foul Ball, location: 5FF
2-2: Ball
3-2: Foul Ball, location: 2F
3-2: Foul Ball, location: 3DF
3-2: Foul Ball, location: 3FF
3-2: Base on Balls
Justin Williams to second
Batting: LHB Jim Davis 0-0: Ball
1-0: Ball
2-0: Ball
3-0: Called Strike
3-1: Base on Balls
Justin Williams to third
Mike Woodard to second
Batting: RHB Kosuke Sakai 0-0: Called Strike
0-1: Ball
1-1: Ball
2-1: Called Strike
2-2: Foul Ball, location: 2F
2-2: Strikes out looking
Top of the 6th over - 0 runs, 1 hit, 0 errors, 3 left on base; Colorado 0 - Philadelphia 1
BOTTOM OF THE 6TH
Philadelphia Phillies batting - Pitching for Colorado Rockies : RHP Matthew Hodge
Now at SS: Justin Williams
Batting: RHB Vicente Vargas 0-0: Ball
1-0: Called Strike
1-1: Swinging Strike
1-2: Strikes out swinging
Batting: RHB Luis Esquivel 0-0: SOLO HOME RUN (Flyball, 8LXD, EV 111.9 MPH), Distance : 425 ft
Batting: RHB Jason Waid 0-0: Called Strike
0-1: Ball
1-1: Swinging Strike
1-2: Ball
2-2: Strikes out swinging
Batting: RHB Ryan Klepper 0-0: Called Strike
0-1: Fly out, F4 (Popup, 4, EV 68.1 MPH)
Bottom of the 6th over - 1 run, 1 hit, 0 errors, 0 left on base; Colorado 0 - Philadelphia 2
TOP OF THE 7TH
Colorado Rockies batting - Pitching for Philadelphia Phillies : RHP Erik Roth
Pitching: LHP Eric House
Batting: LHB Jeremy Papish 0-0: Fly out, F7 (Line Drive, 7, EV 91.9 MPH)
Pinch Hitting: SHB Brian Hatcher 0-0: Ball
1-0: Called Strike
1-1: Ball
2-1: Fly out, F4 (Line Drive, 4, EV 73.1 MPH)
Pinch Hitting: RHB Orlando Serrano 0-0: Ball
1-0: Called Strike
1-1: Foul Ball, location: 25F
1-2: Foul Ball, location: 2F
1-2: Strikes out swinging
Top of the 7th over - 0 runs, 0 hits, 0 errors, 0 left on base; Colorado 0 - Philadelphia 2
BOTTOM OF THE 7TH
Philadelphia Phillies batting - Pitching for Colorado Rockies : RHP Matthew Hodge
Now at 2B: Orlando Serrano
Now in CF: Jeremy Papish
Now in RF: Brian Hatcher
Batting: RHB Aaron Marler 0-0: Fly out, F9 (Flyball, 9LS, EV 88.8 MPH)
Batting: RHB Josh Hester 0-0: Ball
1-0: Ball
2-0: Ball
3-0: Called Strike
3-1: Swinging Strike
3-2: Foul Ball, location: 9LMF
3-2: Strikes out swinging
Batting: RHB Jason Garza 0-0: Ball
1-0: Foul Ball, location: 9LMF
1-1: SINGLE (Groundball, 4MD, EV 101.9 MPH) (infield hit)
Batting: SHB Tim Spotton 0-0: Fly out, F8 (Line Drive, 8RD, EV 94.4 MPH)
Bottom of the 7th over - 0 runs, 1 hit, 0 errors, 1 left on base; Colorado 0 - Philadelphia 2
TOP OF THE 8TH
Colorado Rockies batting - Pitching for Philadelphia Phillies : LHP Eric House
Batting: RHB Brenden Oxton 0-0: Ball
1-0: Called Strike
1-1: Ball
2-1: Called Strike
2-2: Ball
3-2: SINGLE (Flyball, 7LS, EV 85.6 MPH)
Batting: SHB Justin Williams 0-0: Fly out, F4 (Popup, 34D, EV 54.4 MPH)
Pinch Hitting: RHB Tony Thomas 0-0: Ball
1-0: Foul Ball, location: 5F
1-1: Foul Ball, location: 9LDF
1-2: Ball
2-2: Strikes out swinging
Batting: RHB Mike Woodard 0-0: Ball
1-0: Ball
2-0: Swinging Strike
2-1: Foul Ball, location: 2F
2-2: Ball
3-2: Strikes out swinging
Top of the 8th over - 0 runs, 1 hit, 0 errors, 1 left on base; Colorado 0 - Philadelphia 2
BOTTOM OF THE 8TH
Philadelphia Phillies batting - Pitching for Colorado Rockies : RHP Matthew Hodge
Now in LF: Tony Thomas
Batting: SHB Pete Ray 0-0: Ball
1-0: Called Strike
1-1: Ball
2-1: Swinging Strike
2-2: Fly out, F8 (Flyball, 78D, EV 82.5 MPH)
Batting: RHB Vicente Vargas 0-0: Ball
1-0: Ball
2-0: Swinging Strike
2-1: Fly out, F8 (Flyball, 8LXD, EV 104.4 MPH)
Batting: RHB Luis Esquivel 0-0: Fly out, F4 (Popup, 23, EV 82.5 MPH)
Bottom of the 8th over - 0 runs, 0 hits, 0 errors, 0 left on base; Colorado 0 - Philadelphia 2
TOP OF THE 9TH
Colorado Rockies batting - Pitching for Philadelphia Phillies : LHP Eric House
Pitching: RHP Nick Farrier
Batting: LHB Jim Davis 0-0: Ball
1-0: SOLO HOME RUN (Flyball, 89XD, EV 109.4 MPH), Distance : 397 ft
Batting: RHB Kosuke Sakai 0-0: Ground out 4-3 (Groundball, 34, EV 83.1 MPH)
Batting: LHB Jeremy Papish 0-0: Called Strike
0-1: Foul Ball, location: 25F
0-2: Ground out U3 (Groundball, 3, EV 108.8 MPH)
Batting: SHB Brian Hatcher 0-0: Ball
1-0: Fly out, F3 (Popup, 3SF, EV 75.0 MPH)
Top of the 9th over - 1 run, 1 hit, 0 errors, 0 left on base; Colorado 1 - Philadelphia 2
Sunday, April 7th , 2024 - OOTP Baseball 24.11 Build 85